 Dungeon Crawl Stone Soup version 0.29.1-1-gd02db6906a (webtiles) character file.

Game seed: 11270592646156837897

34999 LustLizard the Unseen (level 13, -1/69 HPs)
             Began as a Spriggan Hunter on Oct 12, 2022.
             Was an Elder of Dithmenos.
             Slain by a manticore (9 damage)
             ... on level 8 of the Dungeon.
             The game lasted 01:01:38 (25206 turns).

LustLizard the Unseen (Spriggan Hunter)            Turns: 25206, Time: 01:01:38

Health: -1/69      AC: 10    Str:  7    XL:     13   Next: 45%
Magic:  18/18      EV: 23    Int: 14    God:    Dithmenos [****..]
Gold:   716        SH:  0    Dex: 23    Spells: 10/12 levels left

rFire   . . .      SeeInvis +   a - +2 shortbow
rCold   . . .      Faith    .   (shield currently unavailable)
rNeg    . . .      Spirit   .   L - +0 swamp dragon scales
rPois   +          Reflect  .   x - +2 hat {Int+3}
rElec   .          Harm     .   F - +0 cloak
rCorr   +          Rampage  .   (gloves unavailable)
Will    ++...                   (boots unavailable)
Stlth   ++++++++++              g - amulet of magic regeneration
HPRegen 0.21/turn               d - ring of resist corrosion
MPRegen 0.56/turn               s - +4 ring of evasion

@: wreathed by umbra, very quick
A: very small, no large weapons, unfitting armour, see invisible, speed 3
a: Renounce Religion, Shadow Step


You were on level 8 of the Dungeon.
You worshipped Dithmenos.
Dithmenos was greatly pleased with you.
You visited 3 branches of the dungeon, and saw 12 of its levels.

You collected 716 gold pieces.

Inventory:

Hand Weapons
 a - a +2 shortbow (weapon)
 M - a +1 glaive of flaming
Armour
 c - a +0 robe
 h - a +0 troll leather armour
 x - a +2 hat of intelligence (worn)
 F - a +0 cloak (worn)
 L - +0 swamp dragon scales (worn)
Jewellery
 d - a ring of resist corrosion (left hand)
 g - an amulet of magic regeneration (around neck)
 k - a ring of wizardry
 l - a ring of flight
 n - a ring of protection from fire
 s - a +4 ring of evasion (right hand)
 B - a ring of magical power
Wands
 p - a wand of flame (33)
 q - a wand of roots (7)
 t - a wand of paralysis (14)
 u - a wand of digging (7)
 E - a wand of acid (5)
Scrolls
 b - 2 scrolls of immolation
 i - 2 scrolls of noise
 m - 2 scrolls of silence {unknown}
 r - 2 scrolls of acquirement {unknown}
 v - 2 scrolls of magic mapping
 y - a scroll of torment {unknown}
 z - 2 scrolls of teleportation
 I - a scroll of amnesia {unknown}
 N - 2 scrolls of butterflies
 P - a scroll of brand weapon {unknown}
Potions
 e - 4 potions of magic
 f - 4 potions of might
 j - 2 potions of degeneration
 o - a potion of flight {unknown}
 A - 2 potions of mutation
 C - a potion of ambrosia
 D - 2 potions of cancellation {unknown}
 G - 2 potions of berserk rage
 H - 3 potions of attraction {unknown}
 J - 2 potions of haste {unknown}
 K - a potion of lignification {unknown}


   Skills:
 + Level 8.5 Fighting
 * Level 14.4 Ranged Weapons
 - Level 8.0 Dodging
 + Level 19.0 Stealth
 * Level 0.7 Poison Magic
 + Level 5.7 Invocations
 + Level 7.4 Evocations


You had 10 spell levels left.
You knew the following spells:

 Your Spells              Type           Power      Damage    Failure   Level
a - Poisonous Vapours     Pois/Air       2%         N/A       80%         2

Your spell library contained the following spells:

 Spells                   Type           Power      Damage    Failure   Level
 Apportation              Tloc           0%         N/A       71%         1
 Ensorcelled Hibernation  Hex/Ice        0%         N/A       83%         2
 Passwall                 Tmut/Erth      0%         N/A       83%         2
 Ignite Poison            Fire/Tmut/Pois 0%         N/A       95%         3
 Spider Form              Tmut/Pois      1%         N/A       95%         3
 Conjure Flame            Conj/Fire      0%         6-21      97%         3
 Gell's Gravitas          Tloc           0%         N/A       97%         3
 Swiftness                Air            0%         N/A       97%         3
 Teleport Other           Tloc           0%         N/A       97%         3
 Anguish                  Hex/Necr       0%         N/A       100%        4
 Corpse Rot               Necr/Pois/Air  0%         N/A       100%        4
 Sticky Flame             Conj/Fire      0%         2d3       100%        4
 Alistair's Intoxication  Tmut/Pois      0%         N/A       100%        5
 Dispersal                Tloc           0%         N/A       100%        6


Dungeon Overview and Level Annotations

Branches:
Dungeon (8/15)             Temple (1/1) D:7            Lair (3/5) D:8
 Shoals (0/4) Lair:2        Snake (0/4) Lair:2

Altars:
Cheibriados
Dithmenos
Elyvilon
Gozag
Kikubaaqudgha
Makhleb
Nemelex Xobeh
Okawaru
Qazlal
Uskayaw
Zin

Annotations:
D:8 Pikel


Innate Abilities, Weirdness & Mutations

You are very small and have problems with some larger weapons.
You are too small for most types of armour.
You have supernaturally acute eyesight. (SInv)
You cover ground extremely quickly. (Speed+++)


Message History

The manticore is moderately wounded.
The manticore completely misses you. The manticore closely misses you.
The manticore misses you.
Fire: a) +2 shortbow
Press: ? - help, Q - select action, (/) - cycle Shift-Dir - straight line, f/p - manticore
Aim: a manticore (moderately wounded, umbra, 81% to hit)
You shoot an arrow. The arrow hits the manticore!
The manticore is heavily wounded.
The manticore bites you but does no damage.
The manticore claws you. The manticore completely misses you.
Fire: a) +2 shortbow
Press: ? - help, Q - select action, (/) - cycle Shift-Dir - straight line, f/p - manticore
Aim: a manticore (heavily wounded, umbra, 81% to hit)
You shoot an arrow. The arrow hits the manticore.
The manticore is heavily wounded.
The manticore completely misses you. The manticore closely misses you.
The manticore claws you but does no damage.
Fire: a) +2 shortbow
Press: ? - help, Q - select action, (/) - cycle Shift-Dir - straight line, f/p - manticore
Aim: a manticore (heavily wounded, umbra, 81% to hit)
You shoot an arrow.
The arrow hits the manticore but does no damage.
The manticore is heavily wounded.
The manticore barely misses you. The manticore claws you. x2
Fire: a) +2 shortbow
Press: ? - help, Q - select action, (/) - cycle Shift-Dir - straight line, f/p - manticore
Aim: a manticore (heavily wounded, umbra, 81% to hit)
You shoot an arrow. The arrow hits the manticore.
The manticore is heavily wounded.
The manticore bites you but does no damage.
The manticore misses you. The manticore claws you.
Fire: a) +2 shortbow
Press: ? - help, Q - select action, (/) - cycle Shift-Dir - straight line, f/p - manticore
Aim: a manticore (heavily wounded, umbra, 81% to hit)
You shoot an arrow. The arrow hits the manticore.
The manticore is heavily wounded.
The manticore bites you!
* * * LOW HITPOINT WARNING * * *
The manticore claws you!
You die...

.....##8.8##...........#.##
.....##...##...........#..###
....####+####.........##....###
...## ##.......##.......# ..##
##.....##..#.....# ###
###'###..####...# ..# # #
#.#.#[#..# #...#
..##.##...##.##.#H#.#..#####..#
#.'.....⌠.....'.@#..'....###c.#
..##.##...##.##)#.#.#......#..#
..# # #.# #.#.#.#.........# ###
##.# ###'###.........# ..## ...
##..#..##........## #..## #.#
##..#.#..##........## ..#.##
#'####..#####..##........# ##...#
#...#..#.#)###..#.........
.#.#.###...#.###...###.#.........


You could see a manticore.

Vanquished Creatures
  Gastronok (Lair:1)
  Kirke (Lair:3)
  3 hydras
  A boulder beetle (Lair:1)
  A tengu warrior (D:7)
  A centaur warrior (D:8)
  3 death yaks (Lair:2)
  Urug (Lair:2)
  Amaemon (D:7)
  A cyclops (D:7)
  13 elephants
  A torpor snail (Lair:2)
  Maggie (Lair:2)
  An orange demon (D:8)
  8 cane toads
  2 rime drakes
  2 kobold demonologists (D:7)
  4 komodo dragons
  2 trolls
  Prince Ribbit (D:6)
  6 dream sheep (Lair:3)
  3 blink frogs (Lair:1)
  Grinder (D:3)
  A snapping turtle (Lair:2)
  5 wyverns
  4 hogs
  14 yaks
  Eustachio (D:4)
  9 basilisks
  A vampire mosquito (D:8)
  9 steam dragons
  Menkaure (D:4)
  An acid dragon (D:8)
  4 nagas (Lair:2)
  8 water moccasins
  3 orc warriors
  A sky beast (D:8)
  2 ogres
  A black bear (D:5)
  2 phantoms
  A centaur (D:8)
  33 wolves
  2 kobold brigands (D:8)
  9 bullfrogs
  A gnoll sergeant (D:7)
  2 scorpions
  3 wights (D:7)
  26 killer bees
  3 howler monkeys (D:8)
  A jelly (D:8)
  3 hounds
  8 orc priests
  2 iguanas (D:6)
  3 gnoll boudas
  3 orc wizards
  Ijyb (D:4)
  Terence (D:2)
  Natasha (thrice) (D:3)
  13 gnolls
  5 adders
  A river rat (Lair:2)
  2 shadow imps
  A white imp (D:7)
  4 ufetubi
  2 worms
  3 dart slugs
  24 orcs
  3 endoplasms
  3 giant cockroaches
  12 hobgoblins
  3 jackals (D:2)
  6 kobolds
  5 quokkas
  15 ball pythons
  6 bats
  A frilled lizard (D:3)
  3 goblins
  6 rats
349 creatures vanquished.

Vanquished Creatures (others)
  A killer bee (Lair:2)
  49 fungi
  36 plants
86 creatures vanquished.

Grand Total: 435 creatures vanquished

Notes
Turn   | Place    | Note
-------+----------+-------------------------------------------
     0 | D:1      | LustLizard the Spriggan Hunter began the quest for the Orb.
     0 | D:1      | Reached XP level 1. HP: 10/10 MP: 2/2
    62 | D:1      | Reached skill level 2 in Stealth
   130 | D:1      | Reached XP level 2. HP: 15/15 MP: 3/3
   478 | D:1      | Found a faded altar of an unknown god.
  1169 | D:2      | Reached skill level 3 in Stealth
  1347 | D:2      | Reached XP level 3. HP: 12/18 MP: 4/4
  1613 | D:2      | Noticed Terence
  1656 | D:2      | Killed Terence
  1657 | D:2      | Reached XP level 4. HP: 23/23 MP: 5/5
  2041 | D:3      | Reached skill level 4 in Stealth
  2087 | D:3      | Noticed a phantom
  2102 | D:3      | Killed a phantom
  2103 | D:3      | Reached skill level 5 in Ranged Weapons
  2103 | D:3      | Reached XP level 5. HP: 27/27 MP: 6/6
  2291 | D:3      | Noticed Natasha
  2301 | D:3      | Killed Natasha
  2302 | D:3      | Reached skill level 5 in Stealth
  2680 | D:3      | Reached XP level 6. HP: 32/32 MP: 7/7
  2703 | D:3      | Noticed Natasha
  2718 | D:3      | Killed Natasha
  2764 | D:3      | Noticed Natasha
  2773 | D:3      | Killed Natasha
  3047 | D:4      | Noticed Grinder
  3617 | D:3      | Killed Grinder
  3618 | D:3      | Reached skill level 6 in Stealth
  3701 | D:4      | Reached XP level 7. HP: 35/35 MP: 8/8
  3735 | D:4      | Reached skill level 7 in Stealth
  3993 | D:4      | Reached skill level 5 in Dodging
  4182 | D:4      | Noticed Eustachio
  4198 | D:4      | Noticed Ijyb
  4262 | D:4      | Killed Ijyb
  4448 | D:4      | Killed Eustachio
  4449 | D:4      | Reached skill level 8 in Stealth
  4514 | D:4      | Noticed Menkaure
  4521 | D:4      | Killed Menkaure
  4522 | D:4      | Reached XP level 8. HP: 40/40 MP: 9/9
  4713 | D:5      | Entered Level 5 of the Dungeon
  5113 | D:5      | Reached skill level 9 in Stealth
  6776 | D:6      | Reached skill level 10 in Stealth
  8140 | D:7      | Noticed Prince Ribbit
  8140 | D:7      | Noticed a troll
  8212 | D:6      | Killed Prince Ribbit
  8213 | D:6      | Reached XP level 9. HP: 33/45 MP: 10/10
  8278 | D:6      | Killed a troll
  8279 | D:6      | Reached skill level 11 in Stealth
  9337 | D:7      | Found a staircase to the Ecumenical Temple.
  9346 | Temple   | Entered the Ecumenical Temple
  9491 | Temple   | Became a worshipper of Dithmenos the Shadowed
  9646 | D:8      | Noticed Amaemon
  9650 | D:8      | Noticed an orange demon
  9682 | D:8      | Reached skill level 12 in Stealth
  9768 | D:8      | Found an opulent altar of Gozag.
 10241 | D:8      | Noticed a two-headed ogre
 10389 | D:8      | Reached skill level 5 in Fighting
 10521 | D:8      | Noticed a kobold demonologist
 10521 | D:8      | Noticed a centaur warrior
 10521 | D:8      | Noticed a cyclops
 10521 | D:8      | Noticed a centaur warrior
 10521 | D:8      | Noticed a rakshasa
 10576 | D:8      | Found a staircase to the Lair.
 10600 | D:8      | HP: 2/47 [centaur warrior/arrow (20)]
 11032 | D:7      | Killed Amaemon
 11033 | D:7      | Reached skill level 13 in Stealth
 11033 | D:7      | Reached XP level 10. HP: 51/51 MP: 11/11
 11058 | D:7      | Noticed a sixfirhy
 11099 | D:7      | Noticed an orange demon
 11400 | D:8      | Reached * piety under Dithmenos
 11405 | D:8      | Identified the ring of Finir {Fire Int+10}
 11405 | D:8      | Noticed a centaur warrior
 11523 | D:8      | HP: 2/51 [centaur warrior/arrow (24)]
 11743 | D:8      | Identified the +4 broad axe of the Enchanting Gods {vorpal,
                  | Str+6}
 11743 | D:8      | Noticed a tengu warrior
 11743 | D:8      | Noticed a five-headed hydra
 11983 | D:7      | Killed a tengu warrior
 11984 | D:7      | Reached skill level 10 in Ranged Weapons
 11984 | D:7      | Reached skill level 14 in Stealth
 12072 | D:7      | Killed a five-headed hydra
 12085 | D:8      | Identified the +1 leather armour of the Marlin {Fly rF+}
 12102 | D:8      | Noticed Pikel
 12302 | D:7      | Noticed a rust devil
 13061 | D:8      | Killed an orange demon
 13062 | D:8      | Reached skill level 15 in Stealth
 13065 | D:8      | Noticed a manticore
 13170 | Lair:1   | Entered Level 1 of the Lair of Beasts
 13289 | Lair:1   | Reached XP level 11. HP: 47/56 MP: 12/12
 13420 | Lair:1   | Reached skill level 16 in Stealth
 13606 | Lair:1   | Reached ** piety under Dithmenos
 13648 | Lair:1   | Noticed a boulder beetle
 13662 | Lair:1   | Killed a boulder beetle
 13724 | Lair:1   | Reached skill level 17 in Stealth
 13881 | Lair:1   | Noticed Gastronok
 13951 | Lair:1   | Killed Gastronok
 13952 | Lair:1   | Reached skill level 1 in Invocations
 13952 | Lair:1   | Reached skill level 1 in Evocations
 14032 | Lair:1   | Noticed a seven-headed hydra
 14083 | Lair:1   | Killed a seven-headed hydra
 14777 | Lair:1   | Reached XP level 12. HP: 58/63 MP: 14/14
 14828 | Lair:2   | Noticed a death yak
 14828 | Lair:2   | Noticed a death yak
 14891 | Lair:2   | Noticed Maggie
 15078 | Lair:2   | Killed Maggie
 15262 | Lair:2   | Noticed a death yak
 15353 | Lair:2   | Noticed Urug
 15863 | Lair:2   | Found a staircase to the Snake Pit.
 17533 | Lair:2   | Killed a death yak
 17647 | Lair:2   | Killed a death yak
 17722 | Lair:2   | Killed a death yak
 17813 | Lair:2   | Found a staircase to the Shoals.
 17965 | Lair:1   | Reached skill level 18 in Stealth
 18783 | Lair:2   | Reached skill level 5 in Evocations
 20644 | Lair:2   | Killed Urug
 20682 | Lair:2   | Reached *** piety under Dithmenos
 20837 | Lair:3   | Noticed Kirke
 20839 | Lair:3   | Noticed a six-headed hydra
 21117 | Lair:2   | Reached XP level 13. HP: 68/68 MP: 17/17
 21866 | Lair:3   | Reached skill level 5 in Invocations
 22895 | Lair:3   | Killed Kirke
 23038 | Lair:3   | Reached **** piety under Dithmenos
 23467 | Lair:3   | HP: 2/69 [dream sheep (14)]
 24631 | D:7      | Reached skill level 19 in Stealth
 25129 | D:8      | Learned a level 2 spell: Poisonous Vapours
 25206 | D:8      | Slain by a manticore

Illustrated notes

Levels and vault maps discovered:
D:1:      evilmike_arrival_hilbert_curve, layout_loops_ring,
          shapermc_ecumenical_altar_mp_highgroup, palyth_stone_intersect,
          chequers_avenue, grunt_decor_clamped
D:2:      layout_basic, nicolae_concentric_dashed_squares_mild,
          minmay_small_reverse_x, uniq_terence
D:3:      layout_loops_ring, uniq_natasha
D:4:      minmay_skewed_foursquare, layout_basic, kennysheep_nub,
          uniq_eustachio, uniq_grinder, uniq_menkaure, uniq_ijyb
D:5:      layout_basic
D:6:      layout_basic, minivault_1
D:7:      layout_rooms, minmay_temple_entry_poolview, uniq_prince_ribbit1
D:8:      minmay_the_grid_octo_tiled_octocenter [minmay_the_grid_octo_empty,
          minmay_the_grid_octo_empty, minmay_the_grid_octo_focus,
          minmay_the_grid_octo_fat_diamond,
          minmay_the_grid_octo_prize_square_snowflake,
          minmay_the_grid_square_5x5_fancy_junction,
          minmay_the_grid_square_5x5_pentomino_r,
          minmay_the_grid_square_5x5_inset, minmay_the_grid_square_5x5_comb],
          layout_layer_cave, nicolae_overflow_hidden_temple, uniq_amaemon,
          uniq_pikel
Temple:   mainiacjoe_temple_cubbyholes
Lair:1:   layout_layer_cave, grunt_forest_large_clearings, lemuel_fruit_tree,
          uniq_gastronok
Lair:2:   layout_loops_ring, minmay_shoals_entry_hut,
          minmay_snake_entry_guardpost_medium, uniq_urug, uniq_maggie
Lair:3:   regret_index_bee_streams, layout_misc_corridors,
          infiniplex_staircase_pool, uniq_kirke

Skill      XL: |  1  2  3  4  5  6  7  8  9 10 11 12 13 |
---------------+----------------------------------------+-----
Stealth        | 2 3 4 5 6 8 10 13 15 17 18 19 | 19.0
Dodging        | 3 4 5 6 8 |  8.0
Fighting       | 2 3 4 5 6 7 8 |  8.5
Ranged Weapons | 5 6 8 9 11 12 13 14 | 14.4
Invocations    | 2 4 5 |  5.7
Evocations     | 2 6 7 |  7.4
Poison Magic   | |  0.7

Action                   |  1- 3 |  4- 6 |  7- 9 | 10-12 | 13-15 || total
-------------------------+-------+-------+-------+-------+-------++-------
 Fire: Shortbow          |   103 |    93 |   635 |  1392 |   499 ||  2722
 Cast: Poisonous Vapours |       |       |       |       |     1 ||     1
Evoke: Wand              |       |       |       |     1 |       ||     1
  Use: Scroll            |       |     3 |     8 |    11 |     5 ||    27
       Potion            |       |       |     1 |     3 |     6 ||    10
Armor: Robe              |     5 |       |     2 |       |       ||     7
       Troll leather arm |       |       |     6 |    43 |       ||    49
       Swamp dragon scal |       |       |       |    66 |    81 ||   147
Dodge: Dodged            |    55 |    25 |   212 |   971 |   473 ||  1736
